 Dungeon Crawl Stone Soup version 0.27-a0-1181-g5f64966fcc (webtiles) character file.

Game seed: 10364426203232519610

7329 agentchuck the Fighter (level 10, -3/82 HPs)
             Began as a Vampire Gladiator on May 17, 2021.
             Was a High Priest of Vehumet.
             Slain by a white ugly thing (8 damage)
             ... on level 9 of the Dungeon.
             The game lasted 00:26:24 (10429 turns).

agentchuck the Fighter (Vampire Gladiator)         Turns: 10429, Time: 00:26:25

Health: -3/82      AC: 12    Str: 13    XL:     10   Next: 90%
Magic:  3/19       EV: 15    Int: 13    God:    Vehumet [*****.]
Gold:   430        SH:  5    Dex: 17    Spells: 11/21 levels left

rFire    . . .     SeeInvis +   s - +2 rapier (flame)
rCold    + . .     Faith    .   (no shield)
rNeg     . . .     Spirit   .   B - +2 scale mail {Will+}
rPois    +         Reflect  +   c - +0 helmet
rElec    .         Harm     .   (no cloak)
rCorr    .         Rampage  .   g - +1 pair of gloves
Will     ++...                  y - +0 pair of boots
Stlth    +.........             z - amulet of reflection
HPRegen  0.43/turn              E - +4 ring of evasion
MPRegen  0.16/turn              v - ring of Duyryk {rPois rC+ Stlth+}

@: healing quickly
A: alive, fangs 3, see invisible, vampiric 2
a: Exsanguinate, Renounce Religion


You were on level 9 of the Dungeon.
You worshipped Vehumet.
Vehumet was extremely pleased with you.
You visited 1 branch of the dungeon, and saw 9 of its levels.

You collected 556 gold pieces.
You spent 126 gold pieces at shops.


Innate Abilities, Weirdness & Mutations

Your natural rate of healing is accelerated.
You have razor-sharp teeth.
You have supernaturally acute eyesight. (SInv)
You are afflicted with vampirism and can become a bat while bloodless.


   Skills:
 + Level 8.5 Fighting
 - Level 7.6(8.4) Short Blades
 - Level 4.7(6.5) Long Blades
 - Level 1.5 Throwing
 + Level 2.4 Armour
 - Level 4.3 Dodging
 + Level 6.1 Spellcasting
 + Level 3.3 Transmutations
 - Level 5.4 Air Magic
 - Level 4.8 Poison Magic


You had 11 spell levels left.
You knew the following spells:

 Your Spells              Type           Power      Damage    Failure   Level
p - Poisonous Vapours     Pois/Air       34%        N/A       4%          2
r - Irradiate             Conj/Tmut      4%         3d14      92%         5
s - Searing Ray           Conj           6%         3d3       28%         2
z - Shock                 Conj/Air       40%        1d5       7%          1

Your spell library contained the following spells:

 Spells                   Type           Power      Damage    Failure   Level
 Yara's Violent Unravell  Hex/Tmut       4%         3d4       92%         5
 Foxfire                  Conj/Fire      12%        2x1d4     19%         1
 Conjure Flame            Conj/Fire      3%         6-21      47%         3
 Inner Flame              Hex/Fire       3%         N/A       47%         3
 Sticky Flame             Conj/Fire      3%         2d3       85%         4
 Fireball                 Conj/Fire      1%         3d3       99%         5

Inventory:

Hand Weapons
 a - a +0 long sword
 p - a +0 dagger
 s - a +2 rapier of flaming (weapon)
Missiles
 d - 3 throwing nets (quivered) {=f}
 i - a curare-tipped dart {=f}
 k - 324 stones
 n - 5 poisoned darts
 r - 5 boomerangs
Armour
 c - a +0 helmet (worn)
 g - a +1 pair of gloves (worn)
 y - a +0 pair of boots (worn)
 B - a +2 scale mail of willpower (worn)
Jewellery
 v - the ring of Duyryk (right hand) {rPois rC+ Stlth+}
   (You found it on level 9 of the Dungeon)

   [ring of protection from cold]

   It protects you from cold.
   It protects you from poison.
   It makes you more stealthy.
 z - an amulet of reflection (around neck)
 E - a +4 ring of evasion (left hand)
 L - a ring of flight
 X - a +6 ring of dexterity
Wands
 x - a wand of charming (10)
 C - a wand of iceblast (9)
 F - a wand of paralysis (4)
Scrolls
 e - 3 scrolls of fear
 f - a scroll of summoning
 m - 3 scrolls of amnesia
 q - a scroll of vulnerability {!r}
 t - a scroll of torment {!r}
 u - a scroll of immolation {unknown}
 G - 3 scrolls of teleportation {@r4}
Potions
 b - 3 potions of haste {unknown}
 h - 4 potions of might
 j - a potion of heal wounds {@q2}
 l - 3 potions of mutation {unknown}
 o - a potion of flight {unknown}
 w - a potion of berserk rage {unknown}
 A - 2 potions of resistance {unknown}
 D - a potion of invisibility {unknown}

Dungeon Overview and Level Annotations

Branches:
Dungeon (9/15)             Temple (0/1) D:6            Lair (0/6) D:9
    Orc: D:9-12

Altars:
Dithmenos
Elyvilon
Fedhas
Okawaru
Sif Muna
Vehumet
Wu Jian
Zin

Shops:
D:1 =   D:4 [   D:9 :

Annotations:
D:9 exclusions: door and 1 more exclusion

...#......#....#..▓▓.▓▓▓▓.....#..
...#......#....#..▓...▓▓▓.....#..
...#......#......▓▓.▓..▓▓▓..#'###
.................▓..▓▓..▓▓..#....
................▓▓...▓▓..▓▓.#....
................▓.▓▓..▓▓..▓......
'#####'######..▓▓..▓▓.(▓▓.▓▓..###
...#.....#....▓▓.▓▓▓▓▓▓▓▓▓.▓▓..§.
...#.[...#....▓.@▓ ▓..▓▓..§
...#.....#...▓▓u▓▓▓▓▓▓▓▓▓▓▓(▓▓..Y
...#.....#...▓.▓'..░...░..+▓.▓...
#######'###.▓▓.▓▓░░.░░░.░░▓▓.▓▓..
.#....#.....▓.▓ ▓.░"░.░.▓ ..▓.(
.'....#....▓▓. ▓░.░░░.░▓ ..▓▓.
.#<...#....▓.▓ ▓░ ░.░▓ ...▓.
##..###...▓▓. ▓.░░░.▓ ...▓▓
....#.....▓.▓▓▓▓▓.▓▓...▓▓ ....▓


You could see a white ugly thing (extremely poisoned).


Message History

Aim: a white ugly thing (almost dead, poisoned) Poisonous vapours surround the white ugly thing!
The white ugly thing looks even sicker.
The white ugly thing punches you!
* * * LOW HITPOINT WARNING * * *
The white ugly thing freezes you! You resist.
* * * LOW HITPOINT WARNING * * *
You feel much better. The white ugly thing barely misses you.
Casting: Poisonous Vapours (safe; 4% risk of failure)
Confirm with . or Enter, or press ? or * to list all spells.
Aiming: Poisonous Vapours (safe; 4% risk of failure)
Press: ? - help, Dir - move target, f/p - white ugly thing
Aim: a white ugly thing (almost dead, very poisoned) Poisonous vapours surround the white ugly thing!
The white ugly thing is engulfed in poison gas.
The white ugly thing looks even sicker.
The white ugly thing punches you.
* * * LOW HITPOINT WARNING * * *
The white ugly thing freezes you! You resist.
* * * LOW HITPOINT WARNING * * *
Casting: Poisonous Vapours (safe; 4% risk of failure)
Confirm with . or Enter, or press ? or * to list all spells.
Aiming: Poisonous Vapours (safe; 4% risk of failure)
Press: ? - help, Dir - move target, f/p - white ugly thing
Aim: a white ugly thing (almost dead, very poisoned) Poisonous vapours surround the white ugly thing!
The white ugly thing is engulfed in poison gas.
The white ugly thing looks as sick as possible!
The white ugly thing punches you.
* * * LOW HITPOINT WARNING * * *
The white ugly thing freezes you! You resist.
You die...

Skill      XL: |  1  2  3  4  5  6  7  8  9 10 |
---------------+-------------------------------+-----
Fighting       | 2 3 4 5 6 7 8 |  8.5
Long Blades    | 4 |  4.7
Air Magic      | 2 4 5 |  5.4
Short Blades   | 1 2 4 6 7 |  7.6
Spellcasting   | 1 2 4 6 |  6.1
Poison Magic   | 1 4 |  4.8
Dodging        | 4 |  4.3
Transmutations | 3 |  3.3
Armour         | 2 |  2.4
Throwing       | |  1.5

Action                   |  1- 3 |  4- 6 |  7- 9 | 10-12 || total
-------------------------+-------+-------+-------+-------++-------
Melee: Long sword        |    96 |     4 |       |       ||   100
       Bite              |     8 |    20 |    47 |    14 ||    89
       Rapier            |       |   162 |   299 |    78 ||   539
Throw: Stone             |     3 |       |       |       ||     3
       Boomerang         |       |     3 |       |       ||     3
       Throwing net      |       |     1 |       |       ||     1
 Cast: Shock             |     1 |       |       |       ||     1
       Poisonous Vapours |       |     3 |    69 |    63 ||   135
       Searing Ray       |       |       |     1 |     1 ||     2
Evoke: Wand              |       |       |     6 |       ||     6
  Use: Scroll            |       |     1 |    11 |       ||    12
       Potion            |       |       |     1 |     2 ||     3
 Stab: Sleeping          |       |     1 |       |       ||     1
       Distracted        |       |     1 |       |       ||     1
       Paralysed         |       |       |     5 |       ||     5
Armor: Ring mail         |    29 |       |       |       ||    29
       Leather armour    |    19 |    44 |       |       ||    63
       Scale mail        |       |    10 |   143 |    52 ||   205
Dodge: Dodged            |    69 |    95 |   142 |    69 ||   375
Block: Other             |       |    26 |    64 |    27 ||   117
       Reflection        |       |       |     3 |     3 ||     6
       Rpst.: Long sword |    27 |     2 |       |       ||    29

Levels and vault maps discovered:
D:1:      grunt_arrival_crossed_arrows, layout_basic,
          chequers_ecumenical_altar_simple_redux, serial_shops, shop_statue
D:2:      layout_basic, st_stairs_14, minivault_26, kennysheep_generic_room_4
D:3:      layout_basic, st_stairs_12
D:4:      layout_loops_corners, lemuel_crystal_altar, kennysheep_little_box,
          serial_shops, shop_statue, chequers_serial_rivers_small_b
D:5:      layout_loops_ring, amcnicky_altar_gilded,
          nicolae_dithmenos_the_darkroom, uniq_sigmund
D:6:      layout_loops_ring, minmay_temple_entry_poolview, uniq_grinder
D:7:      layout_gridville, lemuel_coloured_pillars_altar, lemuel_doored_altar,
          minmay_microvault
D:8:      layout_loops_ring, tgw_sif
D:9:      minmay_the_grid_triangle_9x9_recursive_2
          [minmay_the_grid_triangle_9x9_prize_special,
          minmay_the_grid_triangle_9x9_empty,
          minmay_the_grid_triangle_9x9_flanged_cone,
          minmay_the_grid_triangle_9x9_semitri], layout_grid_maze,
          nzn_wu_jian_contemplation, david_lair_generic, serial_shops, shop

Notes
Turn   | Place    | Note
-------+----------+-------------------------------------------
     0 | D:1      | agentchuck the Vampire Gladiator began the quest for the
                  | Orb.
     0 | D:1      | Reached XP level 1. HP: 16/16 MP: 1/1
   161 | D:1      | Found Qemmouly's Jewellery Boutique.
   210 | D:1      | Reached skill level 2 in Fighting
   229 | D:1      | Reached XP level 2. HP: 22/22 MP: 2/2
   291 | D:1      | Found a faded altar of an unknown god.
   303 | D:1      | Became a worshipper of Vehumet
   303 | D:1      | Reached * piety under Vehumet
   303 | D:1      | Offered knowledge of Shock by Vehumet.
   328 | D:1      | Learned a level 1 spell: Shock
  1058 | D:2      | Gained mutation: You are afflicted with vampirism and can
                  | become a bat while bloodless. [Vampire growth]
  1058 | D:2      | Reached XP level 3. HP: 28/28 MP: 3/3
  1736 | D:2      | Reached skill level 3 in Fighting
  1736 | D:2      | Reached skill level 4 in Long Blades
  1736 | D:2      | Reached XP level 4. HP: 21/35 MP: 4/4
  1951 | D:3      | Offered knowledge of Poisonous Vapours by Vehumet.
  1956 | D:3      | Reached ** piety under Vehumet
  1984 | D:3      | Learned a level 2 spell: Poisonous Vapours
  2527 | D:4      | Reached XP level 5. HP: 41/41 MP: 5/5
  2568 | D:4      | Found Tius's Armour Emporium.
  2571 | D:4      | Bought a +0 pair of boots for 63 gold pieces
  2621 | D:4      | Reached skill level 1 in Air Magic
  2694 | D:4      | Noticed a black bear
  3072 | D:4      | Found a blossoming altar of Fedhas.
  3449 | D:5      | Entered Level 5 of the Dungeon
  3465 | D:5      | Offered knowledge of Searing Ray by Vehumet.
  3468 | D:5      | Found a shadowy altar of Dithmenos.
  3532 | D:4      | Bought a +0 pair of gloves for 63 gold pieces
  3721 | D:5      | Noticed an ogre
  3818 | D:5      | Found an iron altar of Okawaru.
  3820 | D:5      | Noticed Sigmund
  3880 | D:5      | Noticed a necrophage
  3889 | D:5      | Killed a necrophage
  3890 | D:5      | Reached skill level 4 in Fighting
  3890 | D:5      | Reached skill level 1 in Short Blades
  3890 | D:5      | Reached skill level 1 in Spellcasting
  3890 | D:5      | Reached skill level 2 in Air Magic
  3890 | D:5      | Reached XP level 6. HP: 44/48 MP: 7/7
  3903 | D:5      | Learned a level 2 spell: Searing Ray
  4053 | D:5      | Reached skill level 2 in Short Blades
  4126 | D:5      | Reached XP level 7. HP: 54/55 MP: 9/9
  4172 | D:5      | Reached *** piety under Vehumet
  4236 | D:5      | Reached skill level 3 in Air Magic
  4691 | D:5      | Reached skill level 3 in Short Blades
  4772 | D:5      | Killed Sigmund
  4773 | D:5      | Reached skill level 5 in Fighting
  4867 | D:6      | Reached skill level 4 in Air Magic
  4881 | D:6      | Reached skill level 4 in Short Blades
  4945 | D:6      | Reached XP level 8. HP: 38/62 MP: 8/10
  5425 | D:5      | Offered knowledge of Conjure Flame by Vehumet.
  5433 | D:5      | Reached skill level 5 in Short Blades
  5433 | D:5      | Reached skill level 5 in Air Magic
  5671 | D:6      | Found a staircase to the Ecumenical Temple.
  5899 | D:5      | Reached skill level 6 in Fighting
  6189 | D:6      | Noticed Grinder
  6195 | D:6      | Killed Grinder
  6196 | D:6      | Reached skill level 2 in Spellcasting
  6196 | D:6      | Reached skill level 1 in Poison Magic
  6212 | D:6      | Reached skill level 6 in Short Blades
  6280 | D:6      | Reached XP level 9. HP: 64/71 MP: 6/12
  6630 | D:7      | Reached skill level 2 in Poison Magic
  6800 | D:7      | Reached skill level 3 in Spellcasting
  7167 | D:7      | Found a radiant altar of Vehumet.
  7412 | D:8      | Reached **** piety under Vehumet
  7498 | D:8      | Reached skill level 3 in Poison Magic
  7500 | D:8      | Offered knowledge of Irradiate by Vehumet.
  7553 | D:8      | Learned a level 5 spell: Irradiate
  7591 | D:8      | Reached skill level 7 in Fighting
  7700 | D:8      | Reached skill level 7 in Short Blades
  7722 | D:8      | Reached skill level 4 in Spellcasting
  8343 | D:8      | Found a shimmering blue altar of Sif Muna.
  8663 | D:9      | Reached skill level 4 in Poison Magic
  8698 | D:9      | Found Niomypux's Book Emporium.
  8800 | D:9      | Found an ornate altar of the Wu Jian Council.
  9030 | D:9      | Reached XP level 10. HP: 78/79 MP: 16/16
  9036 | D:9      | Noticed a cyclops
  9042 | D:9      | Killed a cyclops
  9052 | D:9      | Noticed a red ugly thing
  9054 | D:9      | Noticed a cane toad
  9054 | D:9      | an unseen horror changed into a cane toad
  9328 | D:9      | Noticed a two-headed ogre
  9359 | D:9      | Killed a two-headed ogre
  9360 | D:9      | Reached skill level 4 in Dodging
  9360 | D:9      | Reached skill level 5 in Spellcasting
  9525 | D:9      | Noticed an elephant
  9526 | D:9      | Reached skill level 8 in Fighting
  9627 | D:9      | Reached skill level 1 in Transmutations
  9692 | D:9      | Reached skill level 1 in Armour
  9769 | D:9      | Found a staircase to the Lair.
  9772 | D:9      | Reached ***** piety under Vehumet
  9778 | D:9      | Noticed a manticore
  9791 | D:9      | Killed a manticore
  9792 | D:9      | Reached skill level 2 in Transmutations
  9964 | D:9      | Identified the ring "Jyusat" {rElec rN+ AC+4 Str-3 Stlth+}
  9964 | D:9      | Noticed a centaur warrior
  9989 | D:9      | Killed a centaur warrior
  9990 | D:9      | Reached skill level 2 in Armour
  9990 | D:9      | Reached skill level 3 in Transmutations
  9991 | D:9      | Offered knowledge of Yara's Violent Unravelling by Vehumet.
 10119 | D:9      | Reached skill level 6 in Spellcasting
 10237 | D:8      | Killed an elephant
 10385 | D:9      | Identified the amulet of Lyose {Reflect -Tele rPois rN++
                  | SH+5 SInv}
 10393 | D:9      | Identified the ring of Duyryk {rPois rC+ Stlth+}
 10400 | D:9      | Noticed a white ugly thing
 10426 | D:9      | HP: 4/82 [white ugly thing (12)]
 10429 | D:9      | Slain by a white ugly thing

Vanquished Creatures
  A centaur warrior (D:9)
  A two-headed ogre (D:9)
  A manticore (D:9)
  A cyclops (D:9)
  An elephant (D:8)
  Grinder (D:6)
  A slime creature (D:7)
  Sigmund (D:5)
  A shadow (D:9)
  2 yaks
  A wyvern (D:9)
  A basilisk (D:9)
  2 steam dragons
  A vampire mosquito (D:8)
  A water moccasin (D:8)
  2 orc warriors
  2 ice beasts
  A necrophage (D:5)
  2 black bears
  A sky beast (D:5)
  3 ogres
  4 centaurs
  A phantom (D:6)
  2 kobold brigands
  2 gnoll sergeants
  2 bullfrogs
  A wyvern skeleton (D:6)
  5 killer bees (D:8)
  3 howler monkeys (D:9)
  3 centaur zombies
  4 hounds
  A jelly (D:5)
  3 gnoll shamans
  4 orc priests
  A bullfrog skeleton (D:6)
  6 orc wizards
  A killer bee zombie (D:6)
  3 howler monkey zombies
  7 adders
  18 gnolls
  3 howler monkey skeletons
  2 ufetubi
  An adder skeleton (D:4)
  4 worms
  A dart slug (D:5)
  26 orcs
  7 endoplasms
  6 giant cockroaches
  6 goblins
  6 hobgoblins
  13 jackals
  2 quokkas
  4 ball pythons
  5 bats
  2 frilled lizards (D:3)
  14 kobolds
  2 rats
203 creatures vanquished.

Vanquished Creatures (others)
  2 plants (D:9)
2 creatures vanquished.

Grand Total: 205 creatures vanquished

Table legend: (Time is in decaauts)
 A = Elapsed time spent in this place.
 B = Non-inter-level travel time spent in this place.
 C = Inter-level travel time spent in this place.
 D = Time resting spent in this place.
 E = Time spent auto-exploring this place.
 F = Levels seen in this place.
 G = Mean time per level.
                   A        B        C        D        E       F      G
               +--------+--------+--------+--------+--------+-----+--------+
         Total |  10410 |   9862 |    548 |   1633 |   5688 |   9 | 1156.7 |
       Dungeon |  10410 |   9862 |    548 |   1633 |   5688 |   9 | 1156.7 |
               +--------+--------+--------+--------+--------+-----+--------+

Top non-repeatable levels by time:
     D:5: 1590 daAuts
     D:9: 1506 daAuts
     D:8: 1478 daAuts
     D:4: 1358 daAuts
     D:6: 1180 daAuts
     D:7: 968 daAuts
     D:1: 863 daAuts
     D:2: 812 daAuts
     D:3: 652 daAuts

Table legend:
 A = Non-vault XP
 B = Vault XP
 C = Vault XP percentage of total XP
 D = Non-vault monster count
 E = Vault monster count
 F = Vault count percentage of total count
                 A         B        C        D         E       F
            +---------+---------+-------+---------+---------+-------
      Total |    6088 |    4383 |  41.9 |     184 |      19 |   9.4
            +---------+---------+-------+---------+---------+-------
        D:1 |      33 |       0 |   0.0 |      19 |       0 |   0.0
        D:2 |      64 |       2 |   3.0 |      10 |       1 |   9.1
        D:3 |      64 |       1 |   1.5 |      15 |       1 |   6.2
        D:4 |     197 |       0 |   0.0 |      26 |       0 |   0.0
        D:5 |    1137 |     227 |  16.6 |      26 |       1 |   3.7
        D:6 |     863 |     281 |  24.6 |      27 |       1 |   3.6
        D:7 |     669 |     253 |  27.4 |      13 |       1 |   7.1
        D:8 |    1381 |     705 |  33.8 |      26 |       3 |  10.3
        D:9 |    1680 |    2914 |  63.4 |      22 |      11 |  33.3
            +---------+---------+-------+---------+---------+-------
